 Dungeon Crawl Stone Soup version 0.27.1-33-g824d729ab1 (webtiles) character file.

Game seed: 16369235257996197015

219472 pkoi the Devastator (level 18, -29/128 (130) HPs)
             Began as a Grey Draconian Conjurer on Dec 10, 2021.
             Was a High Priest of Vehumet.
             Killed from afar by a tengu reaver (39 damage)
             ... with a bolt of cold
             ... on level 14 of the Dungeon on Dec 11, 2021.
             The game lasted 02:14:41 (51141 turns).

pkoi the Devastator (Grey Draconian Conjurer)      Turns: 51141, Time: 02:14:42

HP:   -29/128 (130) AC: 23    Str: 10    XL:     18   Next: 1%
MP:   23/50         EV: 15    Int: 30    God:    Vehumet [*****.]
Gold: 169           SH:  5    Dex:  7    Spells: 2/37 levels left

rFire    . . .     SeeInvis +   a - staff of fire
rCold    . . .     Faith    .   (no shield)
rNeg     . . .     Spirit   .   (armour unavailable)
rPois    +         Reflect  +   (helmet restricted)
rElec    +         Harm     .   I - scarf {repulsion}
rCorr    .         Rampage  .   R - +2 pair of gloves {Stlth+}
Will     +....                  Q - +4 pair of boots "Vuheange" {rElec MP+9}
Stlth    ++++......             D - amulet "Fycuel" {Reflect rF- Regen+ SH+5 Stlth+}
HPRegen  1.31/turn              p - ring of magical power
MPRegen  0.32/turn              k - ring "Wonufel" {rPois Int+6 Dex-5 Slay+2 SInv}

@: slowed, lightly drained, repel missiles, very slow
A: AC +15, amphibious, unfitting armour, cold-blooded
}: 2/15 runes: decaying, serpentine
a: Renounce Religion


You were on level 14 of the Dungeon.
You worshipped Vehumet.
Vehumet was extremely pleased with you.
You visited 6 branches of the dungeon, and saw 30 of its levels.
You also visited: Ossuary.

You collected 1912 gold pieces.
You spent 1743 gold pieces at shops.

Inventory:

Hand Weapons
 b - a +2 dagger of venom
Missiles
 l - 4 curare-tipped darts
 A - a throwing net
Armour
 I - a scarf of repulsion (worn)
 Q - the +4 pair of boots "Vuheange" (worn) {rElec MP+9}
   (You bought it in a shop on level 4 of the Snake Pit)

   rElec:     It insulates you from electricity.
   MP:        It affects your magic capacity (+9).
 R - a +2 pair of gloves of stealth (worn)
Magical Staves
 a - a staff of fire (weapon)
Jewellery
 k - the ring "Wonufel" (right hand) {rPois Int+6 Dex-5 Slay+2 SInv}
   (You acquired it on level 4 of the Lair of Beasts)

   [ring of intelligence]

   Int:       It affects your intelligence (+6).
   Dex:       It affects your dexterity (-5).
   Slay:      It affects your accuracy & damage with ranged weapons and melee
   (+2).
   rPois:     It protects you from poison.
   SInv:      It lets you see invisible.
 p - a ring of magical power (left hand)
 u - a ring of flight
 y - a ring of protection from cold
 D - the amulet "Fycuel" (around neck) {Reflect rF- Regen+ SH+5 Stlth+}
   (You bought it in a shop on level 9 of the Dungeon)

   [amulet of reflection]

   It reflects blocked missile attacks.
   rF:        It makes you vulnerable to fire.
   Regen:     It increases your rate of health regeneration.
   SH:        It affects your SH (+5).
   Stlth:     It makes you more stealthy.
 H - a ring of resist corrosion
Wands
 c - a wand of paralysis (22)
 t - a wand of digging (11)
 x - a wand of iceblast (26)
 z - a wand of flame (154)
 B - a wand of mindburst (29)
 O - a wand of charming (7)
 P - a wand of polymorph (7)
Scrolls
 d - 6 scrolls of teleportation
 f - 2 scrolls of summoning
 h - a scroll of fog
 n - 3 scrolls of fear
 r - 16 scrolls of identify
 w - 4 scrolls of blinking
 C - 4 scrolls of enchant armour
 E - 2 scrolls of brand weapon
 F - 2 scrolls of silence
 K - 8 scrolls of enchant weapon
 L - a scroll of magic mapping
 N - 4 scrolls of amnesia
Potions
 e - a potion of ambrosia
 g - 5 potions of magic
 i - a potion of resistance
 j - a potion of cancellation
 m - a potion of might
 o - 8 potions of curing
 q - 3 potions of brilliance
 s - 5 potions of flight
 v - 3 potions of haste
 G - 2 potions of heal wounds
 M - a potion of berserk rage


   Skills:
 - Level 4.3 Fighting
 - Level 2.7 Short Blades
 - Level 4.0(5.2) Maces & Flails
 - Level 5.2(5.9) Staves
 - Level 13.0 Dodging
 - Level 4.7 Stealth
 - Level 10.0 Spellcasting
 - Level 17.0 Conjurations
 - Level 14.3 Hexes
 - Level 4.0 Translocations
 - Level 8.0 Fire Magic
 * Level 15.4 Earth Magic


You had 2 spell levels left.
You knew the following spells:

 Your Spells              Type           Power      Damage    Failure   Level
a - Magic Dart            Conj           100%       1d8       0%          1
b - Searing Ray           Conj           100%       3d7       0%          2
c - Orb of Destruction    Conj           43%        9d14      1%          7
d - Stone Arrow           Conj/Erth      100%       3d13      0%          3
e - Apportation           Tloc           78%        N/A       1%          1
f - Bolt of Magma         Conj/Fire/Erth 48%        4d20      1%          5
g - Invisibility          Hex            39%        N/A       1%          6
h - Iskenderun's Battles  Conj           87%        2d13      1%          5
i - Fireball              Conj/Fire      47%        3d19      1%          5

Your spell library contained the following spells:

 Spells                   Type           Power      Damage    Failure   Level
 Lightning Bolt           Conj/Air       30%        1d47      1%          5
 Summon Small Mammal      Summ           60%        N/A       3%          1
 Call Imp                 Summ           15%        N/A       5%          2
 Dazzling Flash           Conj/Hex       100%       N/A       0%          3
 Conjure Flame            Conj/Fire      94%        6-21      1%          3
 Portal Projectile        Hex/Tloc       100%       N/A       1%          3
 Summon Guardian Golem    Hex/Summ       55%        N/A       1%          3
 Fulminant Prism          Conj/Hex       41%        3d20      1%          4
 Iskenderun's Mystic Bla  Conj/Tloc      67%        2d14      1%          4
 Leda's Liquefaction      Hex/Erth       40%        N/A       1%          4
 Petrify                  Tmut/Erth      57%        N/A       1%          4
 Irradiate                Conj/Tmut      30%        3d24      1%          5
 Metabolic Englaciation   Hex/Ice        27%        N/A       5%          5
 Lehudib's Crystal Spear  Conj/Erth      42%        10d10     8%          8
 Call Canine Familiar     Summ           15%        N/A       11%         3
 Statue Form              Tmut/Erth      38%        N/A       22%         6
 Spellforged Servitor     Conj/Summ      30%        N/A       22%         7
 Alistair's Intoxication  Tmut/Pois      10%        N/A       67%         5
 Blade Hands              Tmut           7%         N/A       67%         5
 Shatter                  Erth           41%        3d32*     80%         9
 Dragon Form              Tmut           7%         N/A       100%        7
 Monstrous Menagerie      Summ           7%         N/A       100%        7
 Animate Armour           Summ/Erth      Unusable   N/A       N/A         4

Dungeon Overview and Level Annotations

Branches:
Dungeon (14/15)            Temple (1/1) D:4            Lair (6/6) D:8
  Swamp (4/4) Lair:2        Snake (4/4) Lair:4        Slime (0/5) Lair:5
    Orc (0/2) D:9          Vaults (1/5) D:14        Ossuary (visited)

Altars:
Ashenzari
Cheibriados
Dithmenos
Elyvilon
Fedhas
Gozag
Hepliaklqana
Kikubaaqudgha
Makhleb
Nemelex Xobeh
Okawaru
Qazlal
Ru
Sif Muna
Trog
Uskayaw
Vehumet
Wu Jian
Xom
Yredelemnul
Zin
The Shining One
Jiyva

Shops:
D:3 =   D:9 *   Snake:2 =   Snake:4 *[?[

Annotations:
D:14 1 runed translucent door, jlumianski's ghost, journeyman GrMo


Innate Abilities, Weirdness & Mutations

Your dull iron-grey scales are very hard. (AC +15)
You are amphibious.
You cannot fit into any form of body armour.
You are cold-blooded and may be slowed by cold attacks.


Message History

You see here the +2 ring mail of Circular Logic {Stlth+}.
The lich casts a spell.
The lich flickers and vanishes for a moment.
The lich touches you.
You feel drained.
There is an open door, spattered with blood here.
The lich gestures at you while chanting.
The bolt of cold hits you!! The lich closely misses you.
The lich touches you but does no damage.
The lich touches you but does no damage.
The tengu reaver hits you with a +0 great mace!!
* * * LOW HITPOINT WARNING * * *
The tengu reaver pecks you.
* * * LOW HITPOINT WARNING * * *
The tengu reaver claws you but does no damage.
The lich conjures a glowing orb.
The wavering orb of destruction weakly hits you!!
* * * LOW HITPOINT WARNING * * *
The lich touches you but does no damage.
The tengu reaver hits you with a +0 great mace!
* * * LOW HITPOINT WARNING * * *
The tengu reaver pecks you but does no damage.
The tengu reaver closely misses you.
There is a gate leading back out of this place here.
The lich casts a spell at you.
You struggle to resist.
The tengu reaver points at you and mumbles some strange words.
The bolt of poison hits you! You resist.
* * * LOW HITPOINT WARNING * * *
The lich touches you.
* * * LOW HITPOINT WARNING * * *
You go up through the gate.
Welcome back to the Dungeon!
Level annotation: 1 runed translucent door, jlumianski's ghost, journeyman GrMo
There is a gate to the Vaults here.
Unknown command.
Blink to where?
Press: ? - help, Dir - move target
As you read the scroll of blinking, it crumbles to dust.
The tengu reaver casts a spell at you.
The bolt of cold hits the lich.
The lich resists.
The bolt of cold hits you!!!
You die...

#.##.# #.##.#
#.##.#
#.##.#############
#.##.............#
#.##.##########..#
#.##.#....(...#..#
#.##.#..#####.#..##
#.##.#..#(..#@#...#
#.##.#..#§QL'.#...#
#.##.#..#######...#
#.##.#............#
#.##.#####...##...#
#.##..............#
#.##.#########....#
#.#(.#######......#
#...........>##.<.#


You could see a tengu reaver and a lich (fast, invisible).

Vanquished Creatures
  Vashnia (Snake:2)
  Agnes (Snake:4)
  Donald (Swamp:4)
  2 fenstrider witches
  7 nagarajas
  An orc warlord (Vaults:1)
  Louise (Snake:2)
  An ironbound preserver (Vaults:1)
  3 bunyips
  A dire elephant (Lair:1)
  Snorg (Lair:6)
  2 eleionomae
  2 green deaths (Swamp:4)
  Josephine (Snake:1)
  Harold (Lair:2)
  2 great orbs of eyes (Swamp:4)
  8 naga warriors
  18 hydras
  An ogre mage (D:12)
  4 salamander tyrants (Snake:4)
  A hell beast (Swamp:4)
  4 anacondas
  A death knight (D:11)
  3 centaur warriors
  3 boulder beetles
  9 alligators
  2 two-headed ogres (D:12)
  A spriggan berserker (Swamp:1)
  A thrashing horror (Swamp:4)
  16 naga sharpshooters
  3 shock serpents
  An iron troll (D:14)
  6 salamander mystics
  6 spriggan druids
  8 goliath frogs
  11 bog bodies
  3 large abominations (Swamp:4)
  6 swamp dragons
  4 naga ritualists
  4 lindwurms
  4 deep elf pyromancers
  7 oklob plants
  3 orc knights (Vaults:1)
  9 mana vipers
  The ghost of Bediveer the Gouger, a novice FeBe of Trog (D:10)
  5 cyclopes
  A will-o-the-wisp (Swamp:4)
  6 ugly things
  3 manticores
  13 salamanders
  25 elephants
  15 naga magi
  16 black mambas
  5 guardian serpents
  3 gargoyles
  27 cane toads
  2 orange demons (Swamp:4)
  A torpor snail (Lair:5)
  An unseen horror (D:11)
  A rime drake (Lair:5)
  7 komodo dragons
  A kobold demonologist (D:13)
  2 polar bears
  12 tyrant leeches
  4 bloated husks
  3 trolls
  10 hornets
  16 slime creatures
  38 blink frogs
  9 dream sheep
  A blink frog (shapeshifter) (D:14)
  A centaur simulacrum (D:14)
  6 shadows
  21 yaks
  12 spriggans
  7 wraiths
  A steam dragon (D:7)
  6 basilisks
  15 vampire mosquitoes
  39 nagas
  16 swamp worms
  A cane toad zombie (D:9)
  14 water moccasins
  5 orc warriors
  2 ice beasts
  4 swamp drakes
  3 black bears
  2 ogres
  5 boggarts (D:14)
  10 centaurs
  22 wolves
  2 phantoms
  2 kobold brigands
  18 bullfrogs
  A wyvern zombie (D:9)
  3 gnoll sergeants
  2 scorpions (D:7)
  7 killer bees (D:10)
  A troll zombie (D:9)
  9 wights
  7 electric eels
  A howler monkey (D:11)
  4 centaur zombies
  4 hounds
  A bullfrog skeleton (D:5)
  5 orc priests
  2 centaur skeletons (D:7)
  A jelly (D:5)
  An iron imp (D:4)
  Crazy Yiuf (D:5)
  Jessica (D:3)
  Terence (D:3)
  3 iguanas
  5 orc wizards
  4 hell rats (Lair:6)
  A killer bee zombie (D:8)
  5 ogre zombies (D:9)
  A mummy (Ossuary)
  3 howler monkey zombies
  6 adders
  8 gnolls
  A worm (D:2)
  5 dart slugs
  22 orcs
  6 spectral bats (Ossuary)
  6 bats
  8 endoplasms
  3 giant cockroaches
  12 gnoll zombies (Ossuary)
  6 goblins
  8 hobgoblins
  3 quokkas
  8 ball pythons
  2 bat simulacra (Ossuary)
  2 frilled lizards
  A goblin simulacrum (Ossuary)
  A goblin skeleton (D:9)
  8 goblin zombies
  A hobgoblin skeleton (D:9)
  6 hobgoblin zombies
  17 kobolds
  6 kobold simulacra (Ossuary)
  5 kobold zombies (Ossuary)
  15 orc zombies
  3 rats
  2 rat simulacra (Ossuary)
  3 spectral goblins (Ossuary)
  3 spectral kobolds (Ossuary)
  3 spectral rats (Ossuary)
871 creatures vanquished.

Vanquished Creatures (others)
  A bloated husk (Swamp:3)
  4 foxfires (Swamp:4)
  42 fungi
  189 plants
  10 toadstools (Lair:1)
246 creatures vanquished.

Grand Total: 1117 creatures vanquished

Notes
Turn   | Place    | Note
-------+----------+-------------------------------------------
     0 | D:1      | pkoi the Draconian Conjurer began the quest for the Orb.
     0 | D:1      | Reached XP level 1. HP: 14/14 MP: 3/3
   298 | D:1      | Reached XP level 2. HP: 18/20 MP: 1/5
   438 | D:1      | Learned a level 2 spell: Searing Ray
   936 | D:1      | Reached skill level 5 in Conjurations
  1122 | D:2      | Reached XP level 3. HP: 18/26 MP: 6/6
  1929 | D:2      | Got the Catalogue of the Entourage
  2059 | D:2      | Found a faded altar of an unknown god.
  2496 | D:2      | Reached XP level 4. HP: 33/33 MP: 7/7
  2594 | D:3      | Noticed Terence
  2862 | D:3      | Noticed Jessica
  2864 | D:3      | Killed Jessica
  2865 | D:3      | Reached skill level 6 in Conjurations
  3213 | D:3      | Found a basalt altar of Yredelemnul.
  3546 | D:3      | Killed Terence
  3547 | D:3      | Reached XP level 5. HP: 36/38 MP: 1/8
  3611 | D:3      | Found Saujurux's Jewellery Shop.
  3706 | D:3      | Learned a level 3 spell: Dazzling Flash
  3917 | D:4      | Found a snail-covered altar of Cheibriados.
  3972 | D:4      | Noticed an ogre
  3978 | D:4      | Killed an ogre
  3979 | D:4      | Reached skill level 1 in Hexes
  3979 | D:4      | Reached XP level 6. HP: 45/45 MP: 2/9
  4066 | D:4      | Noticed an orc warrior
  4105 | D:4      | Killed an orc warrior
  4106 | D:4      | Reached skill level 7 in Conjurations
  4500 | D:4      | Found a staircase to the Ecumenical Temple.
  4517 | Temple   | Entered the Ecumenical Temple
  4592 | Temple   | Became a worshipper of Vehumet
  4949 | D:5      | Entered Level 5 of the Dungeon
  5019 | D:5      | Found a bloodstained altar of Trog.
  5215 | D:5      | Your scales start taking on a dull iron-grey colour.
  5215 | D:5      | Reached XP level 7. HP: 50/50 MP: 6/12
  5334 | D:5      | Found a sand-covered staircase.
  5357 | Ossuary  | Entered an ossuary
  5873 | Ossuary  | Reached * piety under Vehumet
  5873 | Ossuary  | Offered knowledge of Sandblast by Vehumet.
  5878 | Ossuary  | Learned a level 3 spell: Stone Arrow
  6183 | D:5      | Reached skill level 1 in Earth Magic
  6615 | D:5      | Found an ornate altar of the Wu Jian Council.
  6639 | D:5      | Reached ** piety under Vehumet
  6639 | D:5      | Offered knowledge of Shock by Vehumet.
  6762 | D:5      | Found a runed translucent door.
  6763 | D:5      | Noticed Crazy Yiuf
  6960 | D:5      | Killed Crazy Yiuf
  7068 | D:6      | Reached XP level 8. HP: 57/57 MP: 9/14
  7111 | D:6      | Found a white marble altar of Elyvilon.
  7145 | D:6      | Reached skill level 8 in Conjurations
  7215 | D:6      | Found a broken altar of Ashenzari.
  8295 | D:7      | Reached skill level 5 in Earth Magic
  8699 | D:7      | Reached skill level 9 in Conjurations
  8803 | D:7      | Found a hide-covered altar of Uskayaw.
  9270 | D:8      | Reached XP level 9. HP: 62/62 MP: 13/15
  9625 | D:8      | Found a staircase to the Lair.
  9893 | D:8      | Found a sparkling altar of Nemelex Xobeh.
  9895 | D:8      | Found an iron altar of Okawaru.
 10083 | Lair:1   | Entered Level 1 of the Lair of Beasts
 10195 | Lair:1   | Noticed a cane toad
 10214 | Lair:1   | Offered knowledge of Ignite Poison by Vehumet.
 10218 | Lair:1   | Killed a cane toad
 10219 | Lair:1   | Reached skill level 1 in Fighting
 10219 | Lair:1   | Reached skill level 1 in Maces & Flails
 10475 | Lair:1   | Reached skill level 10 in Conjurations
 10579 | Lair:1   | Learned a level 1 spell: Apportation
 10591 | Lair:1   | Noticed a komodo dragon
 10600 | Lair:1   | Killed a komodo dragon
 10601 | Lair:1   | Reached skill level 1 in Translocations
 11099 | Lair:1   | Noticed an elephant
 11107 | Lair:1   | Found a runed translucent door.
 11131 | Lair:1   | Noticed a lindwurm
 11131 | Lair:1   | Noticed a dire elephant
 11334 | Lair:1   | Noticed a komodo dragon
 11340 | Lair:1   | Killed a komodo dragon
 11341 | Lair:1   | Reached XP level 10. HP: 74/74 MP: 3/16
 11450 | Lair:1   | Noticed a cane toad
 11458 | Lair:1   | Killed a cane toad
 11681 | Lair:1   | Noticed a cane toad
 11714 | Lair:1   | Killed a cane toad
 11715 | Lair:1   | Reached skill level 5 in Hexes
 12009 | Lair:2   | Noticed a cane toad
 12012 | Lair:2   | Killed a cane toad
 12074 | Lair:2   | Noticed a cane toad
 12078 | Lair:2   | Killed a cane toad
 12197 | Lair:2   | Learned a level 5 spell: Bolt of Magma
 12265 | Lair:2   | Noticed a cane toad
 12282 | Lair:2   | Killed a cane toad
 12590 | Lair:2   | Noticed a cane toad
 12596 | Lair:2   | Killed a cane toad
 12597 | Lair:2   | Reached skill level 1 in Fire Magic
 12659 | Lair:2   | Noticed a black mamba
 12661 | Lair:2   | Killed a black mamba
 12915 | Lair:2   | Noticed an elephant
 13195 | Lair:2   | Noticed an elephant
 13196 | Lair:2   | Noticed an elephant
 13256 | Lair:2   | Noticed an elephant
 13256 | Lair:2   | Noticed an elephant
 13256 | Lair:2   | Noticed an elephant
 13256 | Lair:2   | Noticed an elephant
 13256 | Lair:2   | Noticed an elephant
 13268 | Lair:1   | Killed an elephant
 13404 | Lair:2   | Noticed an elephant
 13689 | D:9      | Reached XP level 11. HP: 76/85 MP: 10/17
 13739 | D:9      | Reached *** piety under Vehumet
 13869 | D:9      | Found Ummuodai's Assorted Antiques.
 13876 | D:9      | Bought a flickering steel amulet for 130 gold pieces
 13876 | D:9      | Identified the amulet "Fycuel" {Reflect rF- Regen+ SH+5
                  | Stlth+} (You bought it in a shop on level 9 of the Dungeon)
 14465 | D:9      | Found a shadowy altar of Dithmenos.
 14574 | D:9      | Offered knowledge of Inner Flame by Vehumet.
 14595 | D:9      | Found a staircase to the Orcish Mines.
 14770 | D:9      | Reached **** piety under Vehumet
 15724 | D:9      | Offered knowledge of Conjure Flame by Vehumet.
 15735 | D:9      | Learned a level 3 spell: Conjure Flame
 16246 | Lair:2   | Reached skill level 5 in Dodging
 16246 | Lair:2   | Reached skill level 11 in Conjurations
 16349 | Lair:2   | Noticed Harold
 16679 | Lair:2   | Found a staircase to the Swamp.
 16703 | Lair:2   | Reached skill level 1 in Staves
 17272 | Lair:2   | Reached skill level 10 in Earth Magic
 17593 | Lair:2   | Killed Harold
 17957 | D:3      | Bought a ring of magical power for 280 gold pieces
 18221 | Lair:3   | Reached skill level 5 in Spellcasting
 18304 | Lair:3   | Reached XP level 12. HP: 70/92 MP: 19/19
 20355 | Lair:4   | Reached skill level 5 in Staves
 20738 | Lair:4   | Reached ***** piety under Vehumet
 20984 | Lair:4   | Offered knowledge of Orb of Destruction by Vehumet.
 20995 | Lair:4   | Learned a level 7 spell: Orb of Destruction
 21255 | Lair:4   | Found a staircase to the Snake Pit.
 21306 | Lair:4   | Identified a scroll of acquirement
 21306 | Lair:4   | Acquired the ring "Wonufel" {rPois Int+6 Dex-5 Slay+2 SInv}
 22647 | Lair:5   | Reached XP level 13. HP: 97/97 MP: 19/22
 23525 | Lair:5   | Reached skill level 12 in Conjurations
 23939 | Lair:5   | Reached skill level 10 in Dodging
 24879 | Lair:5   | Found a staircase to the Slime Pits.
 24880 | Lair:5   | Found a viscous altar of Jiyva.
 25132 | Lair:6   | Entered Level 6 of the Lair of Beasts
 25243 | Lair:6   | Noticed Snorg
 25659 | Lair:5   | Reached skill level 1 in Short Blades
 27318 | Lair:5   | Learned a level 6 spell: Invisibility
 27490 | Lair:6   | Reached XP level 14. HP: 105/105 MP: 18/25
 27558 | Lair:6   | Offered knowledge of Airstrike by Vehumet.
 27671 | Lair:6   | Killed Snorg
 28503 | D:10     | Entered Level 10 of the Dungeon
 28744 | D:10     | Reached skill level 10 in Hexes
 28968 | D:10     | Found a large runed translucent door.
 28973 | D:10     | Found a large runed translucent door.
 28973 | D:10     | Noticed Bediveer's ghost (novice FeBe)
 31118 | D:12     | Offered knowledge of Iskenderun's Battlesphere by Vehumet.
 32275 | D:12     | Learned a level 5 spell: Iskenderun's Battlesphere
 32570 | D:12     | Acquired a scarf of repulsion
 32606 | D:13     | Reached skill level 13 in Conjurations
 33122 | D:13     | Found a sparkling altar of Nemelex Xobeh.
 33476 | D:14     | Found a runed translucent door.
 33486 | D:14     | Noticed jlumianski's ghost (journeyman GrMo)
 33489 | D:14     | Identified the +9 trident "Noahyth" {vamp, rC+ rN+ Stlth+}
 34138 | D:14     | Reached XP level 15. HP: 85/111 MP: 28/28
 34204 | D:14     | Found a gate to the Vaults.
 34511 | D:10     | Killed Bediveer's ghost
 34702 | Swamp:1  | Entered Level 1 of the Swamp
 34733 | Swamp:1  | Noticed a fenstrider witch
 34738 | Swamp:1  | Killed a fenstrider witch
 35456 | Swamp:1  | Reached skill level 14 in Conjurations
 35987 | Swamp:2  | Offered knowledge of Lee's Rapid Deconstruction by Vehumet.
 36060 | Swamp:2  | Reached skill level 10 in Spellcasting
 36464 | Swamp:2  | You fall into a shaft and drop 1 floor!
 38299 | Swamp:3  | Reached skill level 15 in Conjurations
 38789 | Snake:1  | Entered Level 1 of the Snake Pit
 39381 | Snake:1  | Noticed Josephine
 39578 | Lair:4   | Reached XP level 16. HP: 117/117 MP: 30/30
 39629 | Snake:1  | Offered knowledge of Fireball by Vehumet.
 39976 | Snake:1  | Killed Josephine
 40365 | Lair:1   | Identified the ring of Adoely {rF- Will+ EV+4 Int+4}
 41664 | Snake:2  | Found a hide-covered altar of Uskayaw.
 41866 | Snake:2  | Noticed Louise
 41872 | Snake:2  | Killed Louise
 42734 | Snake:2  | Found Roet's Jewellery Shop.
 43377 | Snake:2  | Noticed Vashnia
 43467 | Snake:2  | Killed Vashnia
 43480 | Snake:2  | Reached skill level 16 in Conjurations
 44496 | Snake:4  | Entered Level 4 of the Snake Pit
 44556 | Snake:3  | Learned a level 5 spell: Fireball
 44615 | Snake:4  | Found Cuceser's Armour Boutique.
 44618 | Snake:4  | Found Lyiwotsa's Magic Scroll Boutique.
 44618 | Snake:4  | Found Legoen's Antique Armour Shop.
 44627 | Snake:4  | Reached skill level 5 in Fire Magic
 44700 | Snake:4  | Found Huzosk's General Store.
 44702 | Snake:4  | Bought the +4 pair of boots "Vuheange" {rElec MP+9} for
                  | 1033 gold pieces
 44753 | Snake:4  | Bought a scroll of fog for 30 gold pieces
 45367 | Snake:4  | Noticed Agnes
 45370 | Snake:4  | Killed Agnes
 45768 | Snake:4  | Reached XP level 17. HP: 124/124 MP: 31/31
 46179 | Snake:4  | HP: 4/124 [constriction (4)]
 46179 | Snake:4  | HP: 1/124 [naga sharpshooter/bolt (3)]
 46998 | Snake:4  | Offered knowledge of Lightning Bolt by Vehumet.
 47804 | Snake:4  | Got a serpentine rune of Zot
 48116 | Swamp:4  | Entered Level 4 of the Swamp
 48758 | Swamp:4  | Noticed Donald
 48764 | Swamp:4  | Killed Donald
 49872 | Swamp:4  | Reached skill level 15 in Earth Magic
 50176 | Swamp:4  | Got a decaying rune of Zot
 50229 | Swamp:4  | Reached skill level 17 in Conjurations
 50645 | Snake:4  | Bought a pair of runed gloves for 270 gold pieces
 50988 | Vaults:1 | Entered Level 1 of the Vaults
 51076 | Vaults:1 | Identified the -4 pair of gloves of Xom's Wrath {*Corrode
                  | rC+ Regen+ Stlth+}
 51121 | Vaults:1 | Reached XP level 18. HP: 130/130 MP: 14/32
 51123 | Vaults:1 | Noticed a lich
 51129 | Vaults:1 | Identified the +2 ring mail of Circular Logic {Stlth+}
 51139 | Vaults:1 | HP: 6/128 [lich (5)]
 51141 | D:14     | Killed from afar by a tengu reaver

Illustrated notes

Levels and vault maps discovered:
D:1:      scummos_arrival_hexagon, layout_rooms, serial_glass, glass_columns_c,
          glass_columns_b, glass_columns_a, glass_columns_b, glass_columns_b,
          glass_columns_c, glass_columns_b, glass_columns_a, glass_columns_a,
          glass_columns_a, glass_columns_b, glass_columns_b, glass_columns_b,
          glass_columns_a, hangedman_decor_push
D:2:      layout_basic, shapermc_ecumenical_altar_mp_ritualfount,
          minmay_pentomino_w4
D:3:      layout_basic, yredelemnul_altar_generic, serial_shops,
          nicolae_shop_stone, hex_intersection, uniq_jessica, uniq_terence
D:4:      layout_basic, slow_altar_1, temple_pool_b, hex_large, st_stairs_3
D:5:      layout_loops_corners, kennysheep_mini_moat, trog_three_pillars_becter,
          nicolae_ossuary_entry_false_entrances, uniq_crazy_yiuf_cottage
D:6:      layout_rooms, nicolae_overflow_hidden_temple,
          mainiacjoe_overflow_24_doors, supply_closet_lemuel,
          amcnicky_mini_pool_small
D:7:      layout_loops_ring, marbit_many_paths
D:8:      layout_loops_corners, minitemple, lair_entry_dummy
D:9:      layout_cave_pods, nicolae_dithmenos_the_darkroom, zombieorc1_lemuel,
          serial_shops, shop, serial_bayou, serial_bayou_lake_a,
          serial_bayou_lagoon_a, serial_bayou_pond_d, serial_bayou_shore_a,
          chequers_arboretum, skrybe_limestone_x
D:10:     kennysheep_blocky_room, layout_basic, ebering_ghost_disaster_area
D:11:     layout_stronghold
D:12:     minmay_bloctagon_deflated, layout_rooms, kennysheep_generic_room_6
D:13:     layout_big_octagon, nemelex_lonely_heart_becter
D:14:     layout_rooms, david_vaults_4, ebering_ghost_funeral_grove, minivault_4
Temple:   nicolae_temple_x_marks_the_god
Lair:1:   gammafunk_lair_enchanted_lake, layout_regular_city
Lair:2:   layout_gridlike, swamp_mist, serial_bayou_shore_b, grunt_megastairs_2,
          infiniplex_staircase_pool_2, uniq_harold
Lair:3:   layout_hall_layers, serial_forest, infiniplex_forest_clump_C,
          infiniplex_forest_clump_tiny, infiniplex_forest_join,
          infiniplex_forest_lined_room_, infiniplex_forest_3_way,
          infiniplex_forest_lined_1, infiniplex_forest_lined_corner,
          infiniplex_forest_lined_room_2, infiniplex_forest_lined_room_3,
          infiniplex_forest_straight_2, serial_bayou_pond_d,
          chequers_serial_rivers_room_a, minmay_lair_oklob_chamber,
          infiniplex_staircase_pool
Lair:4:   minmay_lair_oklob_tunnel, layout_layer_cave,
          minmay_snake_entry_guardpost_medium, serial_bayou_ford_a
Lair:5:   layout_cave_pods, slime_altar_1, grunt_megastairs_1
Lair:6:   minmay_lair_end_frog_pond, layout_gridlike, gauntlet_entry_generic,
          uniq_snorg
Swamp:1:  layout_falls_marsh, nicolae_swamp_very_dense_foliage, swamp_pool5
Swamp:2:  layout_basic_swamp, serial_swamp_ruin, hangedman_swamp_ruin_wall,
          evilmike_swamp_ruin_house_1, swamp_pool1
Swamp:3:  layout_falls_marsh, evilmike_swamp_ruin_wall, swamp_pool2,
          nicolae_swamp_little_tower
Swamp:4:  swamp_vile, layout_basic_swamp, swamp_pool5, hangedman_swamp_blocks,
          uniq_donald
Snake:1:  layout_rooms, uniq_josephine
Snake:2:  layout_grid_maze, basic_altar, minmay_shop_enchanted_jewellery,
          serial_bayou_shore_b, uniq_vashnia, uniq_louise
Snake:3:  layout_rooms, serial_bayou_shore_b
Snake:4:  johnstein_snake_rune_scales, layout_cave_town, minmay_shoptagon,
          uniq_agnes
Vaults:1: grunt_vaults_hallway_short, v_alt_pattern_3, vaults_mumra_hex,
          v_misc_25, vaults_room_octagon, dpeg_vaults_monster_box,
          grunt_vaults_trifunnel, vaults_standard_mumra_x, ontoclasm_vaults_eye,
          ontoclasm_vaults_decontamination, layout_vaults_omnicross

Skill      XL: |  1  2  3  4  5  6  7  8  9 10 11 12 13 14 15 16 17 |
---------------+----------------------------------------------------+-----
Conjurations   | 5 6 7 9 10 11 12 13 15 16 17 | 17.0
Hexes          | 1 2 3 4 5 6 8 9 10 12 13 14 | 14.3
Spellcasting   | 3 4 5 6 7 9 10 | 10.0
Earth Magic    | 2 6 8 9 10 11 13 15 | 15.4
Dodging        | 3 4 5 9 11 13 | 13.0
Fighting       | 2 4 |  4.3
Maces & Flails | 2 4 |  4.0
Translocations | 1 3 4 |  4.0
Fire Magic     | 2 4 5 8 |  8.0
Staves         | 2 5 |  5.2
Stealth        | 3 4 |  4.7
Short Blades   | 2 |  2.7

Action                   |  1- 3 |  4- 6 |  7- 9 | 10-12 | 13-15 | 16-18 || total
-------------------------+-------+-------+-------+-------+-------+-------++-------
Melee: Dagger            |    18 |     8 |     6 |       |    11 |     7 ||    50
       Whip              |    58 |    15 |   138 |    15 |       |       ||   226
       Tailslap          |     4 |     1 |    13 |    21 |     3 |     2 ||    44
       Staff             |       |       |       |   140 |    61 |    15 ||   216
 Cast: Magic Dart        |    55 |    72 |     4 |    42 |   141 |   159 ||   473
       Searing Ray       |     1 |     5 |    40 |    90 |     7 |     1 ||   144
       Stone Arrow       |       |       |    20 |    40 |     4 |       ||    64
       Bolt of Magma     |       |       |       |    71 |   389 |   262 ||   722
       Dazzling Flash    |       |       |       |     1 |       |       ||     1
       Conjure Flame     |       |       |       |     5 |       |       ||     5
       Orb of Destructio |       |       |       |     1 |    30 |    29 ||    60
       Iskenderun's Batt |       |       |       |       |    55 |    96 ||   151
       Invisibility      |       |       |       |       |     5 |     9 ||    14
       Apportation       |       |       |       |       |     1 |       ||     1
       Fireball          |       |       |       |       |       |    10 ||    10
  Use: Scroll            |       |       |    17 |    11 |     4 |     5 ||    37
       Potion            |       |       |     2 |     1 |       |     5 ||     8
 Stab: Sleeping          |     3 |       |    10 |       |       |     1 ||    14
Armor: Skin              |    31 |    13 |    89 |   157 |   109 |    54 ||   453
Dodge: Dodged            |    49 |    14 |   119 |   218 |   174 |   127 ||   701
       Repelled          |       |       |       |       |     3 |    28 ||    31
Block: Other             |       |       |       |    55 |    61 |    36 ||   152
       Reflection        |       |       |       |     3 |     4 |    10 ||    17
